Frizzbo, neutral female gnomish Wizard ----- ------ |...| |....| #-...| #.....| ------- ###|...-#################### ###|....| -------- |.....| # |..)| # # |.....# |......| #-...{..### |.%(| ##### |....|# |.......######|.....| ---.- ################### -....|# |...>..| ###.....<.########## ## ## ------# ---.---- |.....| #---------------# # ## ------- ###..............|# # # ----- # #|.............|# #G## # |....####|...........%.|# f------- # |...| # #-..............# #......| -----.- |....####|.............| |.....| |......## |...| # --------------- |...(.| |.....| |...+## |.....| |..*..+ ----- ------- ------- Frizzbo the Conjurer Experience level: 5 Strength: 10 Dexterity: 14 Constitution: 13 Intelligence: 18 Wisdom: 12 Charisma: 10 Health: 0(36) Energy: 57(57) Def: 3 Gold: 594 Moves: 3084 Dungeon seed: p5rbEWaWVqcxbn3P Game ID: Frizzbo_1465934260 Your Inventory: Coins $ - 594 gold pieces Weapons t - the uncursed +0 Sting (weapon in hand) u - 7 cursed -1 darts (in quiver) Armor e - an uncursed +0 cloak of magic resistance (being worn) n - an uncursed +0 pair of leather gloves (being worn) q - a cursed -2 pair of levitation boots y - an uncursed +0 orcish helm (being worn) Comestibles L - an uncursed fortune cookie Scrolls i - an uncursed scroll of confuse monster j - 4 uncursed scrolls of blank paper w - 2 uncursed scrolls of enchant weapon J - an uncursed scroll of magic mapping K - an uncursed scroll of remove curse O - a blessed scroll of blank paper Spellbooks l - a blessed spellbook of force bolt m - an uncursed spellbook of cure blindness Potions f - 2 uncursed potions of water g - an uncursed potion of levitation h - an uncursed potion of sleeping v - an uncursed potion of gain energy A - an uncursed potion of hallucination B - an uncursed potion of extra healing F - an uncursed potion of booze Rings c - an uncursed ring of see invisible d - an uncursed ring of sustain ability p - an uncursed ring of invisibility D - an uncursed ring of polymorph control N - an uncursed ring of fire resistance Wands b - an uncursed wand of digging (0:6) Tools E - an uncursed lock pick I - an uncursed skeleton key Gems r - an uncursed worthless piece of orange glass Spells and supernatural/magical abilities: Name Level Category Fail Memory a - force bolt 1 attack 0% 85% B - cure blindness 2 healing 67% 85% W - pray for help -- divine ? -- Your skills at the end: Fighting Skills Weapon Skills dagger [Basic] quarterstaff [Basic] Spellcasting Skills attack spells [Basic] enchantment spells [Basic] Final Attributes: You were piously aligned. You were magic-protected. You were telepathic. You were aware of the presence of orcs. You had infravision. You are dead. Vanquished creatures: a gray ooze a paper golem a floating eye a kitten a homunculus 2 kobold lords a rothe a werejackal 4 iguanas 4 hobbits 4 giant rats a green mold 5 geckos 3 jackals 4 foxes 3 kobolds a goblin 7 grid bugs a bat 2 lichens a kobold zombie 3 newts 52 creatures vanquished. Voluntary challenges: You used a wielded weapon 86 times, starting on turn 41. You read items or engraved 4 times, starting on turn 398. You never genocided any monsters. You never polymorphed an object. You never changed form. You used no wishes. You never split a pudding. You never wrote Elbereth's name. You never violated your personal moral code. Dungeon overview: The Dungeons of Doom: levels 1 to 6 Level 1 an altar to Anhur, a fountain a long staircase Level 2 Level 3 a general store, a fountain stairs to The Gnomish Mines Level 4 Level 5 Level 6 <- You were here a fountain The Gnomish Mines: Level 4 stairs to The Dungeons of Doom History has recorded: On T:1 you entered the Dungeons of Doom to retrieve the Amulet of Yendor! On T:394 you reached level 2 of The Dungeons of Doom. On T:449 you advanced to experience level 2. On T:861 you reached level 3 of The Dungeons of Doom. On T:954 you advanced to experience level 3. On T:1118 you reached level 4 of The Dungeons of Doom. On T:1950 you reached level 1 of The Gnomish Mines. On T:2001 you advanced to experience level 4. On T:2579 you reached level 5 of The Dungeons of Doom. On T:2650 you reached level 6 of The Dungeons of Doom. On T:2781 you advanced to experience level 5. Score breakdown: Gold: 594 ( 9437 points) Experience: 5 levels (11141 points) Exploration: 6 levels ( 12.77%) ( 9890 points) Discoveries: 4 items ( 1.39%) ( 3541 points) Valuables value: (no points given unless you survive) Artifact value: 800 ( 9877 points) Variety of kills: 22 monsters ( 5.77%) ( 7208 points) Turncount: 3084 turns ( -640 points) Survival: died (score multiplied by 80%) Total score: 40363 Latest messages: You kill the gray ooze! You see here a gray ooze corpse. You hear the splashing of a naiad. You have a very bad case of stomach acid. Wizard is about to die. This gray ooze corpse tastes terrible! You finish waiting. Wizard needs food, badly! You stop searching. This lembas wafer is delicious! You finish eating the lembas wafer. $ - 29 gold pieces. There is a grave here. Something is engraved here on the headstone. You read: "Saved by the bell!". You see here a bell. You stop exploring. The kitten misses. The kitten bites! (6x) You die... Final status: Goodbye Frizzbo the Wizard, killed by a kitten... You died in The Dungeons of Doom on dungeon level 6 with 40363 points, and 594 pieces of gold, after 3084 moves. You were level 5 with a maximum of 36 hit points when you died.